 Dungeon Crawl Stone Soup version 0.31-a0-1522-g43313d8a59 (webtiles) character file.

Game seed: 2105433978428524321

20 AstroCodex24 the Shield-Bearer (level 2, -6/25 HPs)
             Began as a Demigod Fighter on Dec 30, 2023.
             Mangled by an ogre
             ... wielding a +0 giant spiked club
              (14 damage)
             ... on level 5 of the Dungeon.
             The game lasted 00:02:04 (477 turns).

AstroCodex24 the Shield-Bearer (Demigod Fighter)     Turns: 477, Time: 00:02:04

Health: -6/25      AC:  7    Str: 17    XL:     2   Next: 42%
Magic:  4/4        EV:  9    Int: 10    God:
Gold:   75         SH:  4    Dex: 13    Spells: 1/1 levels left

rFire   . . .        a - +0 war axe
rCold   . . .        c - +0 buckler
rNeg    . . .        b - +0 scale mail
rPois   .            h - +0 helmet
rElec   .            (no cloak)
rCorr   .            (no gloves)
SInv    .            (no boots)
Will    .....        (no amulet) Stlth
                     (no ring)
HPRegen 0.24/turn    (no ring)
MPRegen 0.09/turn

%: no passive effects
@: no status effects
A: high MP 1, forlorn, divine attributes
a: no special abilities


You were on level 5 of the Dungeon.
You visited 1 branch of the dungeon, and saw 5 of its levels.

You collected 75 gold pieces.

Inventory:

Hand Weapons
 a - a +0 war axe (weapon)
Armour
 b - a +0 scale mail (worn)
 c - a +0 buckler (worn)
 h - a +0 helmet (worn)
Scrolls
 e - a scroll of noise {unknown}
Potions
 d - a potion of might
 f - 4 potions of enlightenment {unknown}
 g - a potion of degeneration {unknown}


   Skills:
 + Level 2.9 Fighting
 + Level 2.2 Axes
 + Level 2.9 Armour
 + Level 2.9 Shields


You had one spell level left.
You didn't know any spells.
Your spell library was empty.

Dungeon Overview and Level Annotations

Branches:
Dungeon (5/15)
 Temple: D:4-7

Shops:
D:3 ?


Innate Abilities, Weirdness & Mutations

You have an increased reservoir of magic. (+10% MP)
You shall have no god before yourself.
Your divine heritage dramatically boosts your attributes as you level up.


Message History

The kobold hits you with a +0 short sword.
You hit the kobold.
You kill the kobold!
The bat closely misses you. The bat hits you but does no damage.
You miss the bat. The bat closely misses you.
The bat hits you but does no damage. x2
You closely miss the bat. The bat hits you but does no damage.
You slash the bat!
You kill the bat!
Found a stone staircase leading down.
Things that are here:
a +0 short sword; a +0 helmet; a kobold corpse
Things that are here:
a +0 short sword; a +0 helmet; a kobold corpse
h - a +0 helmet You start putting on your armour.
You continue putting on your +0 helmet. x4
You finish putting on your +0 helmet.
There is a stone staircase leading down here.
You climb downwards.
You hear the hiss of flowing sand.
There is an entrance to an ossuary on this level.
Hurry and find it before the portal is buried!
There is a stone staircase leading up here.
Found a stone staircase leading down.
There is a stone staircase leading down here.
You climb downwards.
There is a stone staircase leading up here.
An ogre comes into view. It is wielding a +0 giant spiked club.
The ogre barely misses you.
You barely miss the ogre.
The ogre hits you with a +0 giant spiked club!!
Ouch! That really hurt!
* * * LOW HITPOINT WARNING * * *
You slash the ogre!
The ogre is heavily wounded.
The ogre completely misses you.
You slash the ogre!
The ogre is almost dead.
The ogre hits you with a +0 giant spiked club!
Ouch! That really hurt!
You die...

. .#####
..#..#
###.#..#
#...#..#
#...#..#
#...##.#
#.@....#
##O.##.#
.....#<.#
#.###.#####
... .#..
#.#### #


You could see an ogre.

Vanquished Creatures
  An endoplasm (D:1)
  A giant cockroach (D:1)
  3 goblins (D:1)
  A hobgoblin (D:1)
  3 jackals (D:2)
  A quokka (D:2)
  3 ball pythons
  A bat (D:3)
  2 frilled lizards (D:1)
  A kobold (D:3)
  A rat (D:1)
18 creatures vanquished.

Notes
Turn   | Place    | Note
-------+----------+-------------------------------------------
     0 | D:1      | AstroCodex24 the Demigod Fighter began the quest for the
                  | Orb.
     0 | D:1      | Reached XP level 1. HP: 18/18 MP: 3/3
   193 | D:1      | Reached XP level 2. HP: 17/25 MP: 4/4
   388 | D:3      | Found Woerastri's Magic Scroll Shoppe.
   465 | D:5      | Entered Level 5 of the Dungeon
   470 | D:5      | Noticed an ogre
   477 | D:5      | Mangled by an ogre

Illustrated notes

Levels and vault maps discovered:
D:1:      dpeg_arrival_short_road, layout_basic
D:2:      layout_basic, dilly_ecumenical_altar_fadedgnrine, basic_altar
D:3:      layout_loops_cross, serial_shops, shop, corexii_hall_statues_t,
          grunt_ministairs_13
D:4:      minmay_angry_zag, layout_basic, enter_ossuary_2, st_stairs_7
D:5:      minmay_skewed_foursquare, layout_basic, nzn_wu_jian_council_hall,
          chequers_temple_overflow_statue_of_worship, uniq_pikel

Skill      XL: |  1 |
---------------+----+-----
Axes           | 2 |  2.2
Fighting       | |  2.9
Armour         | |  2.9
Shields        | |  2.9

Action                     || total
---------------------------++-------
  Melee: War axe           ||    58
 Armour: Scale mail        ||    47
  Dodge: Dodged            ||    34
  Block: Buckler           ||    20

Table legend: (Time is in decaauts)
 A = Elapsed time spent in this place.
 B = Non-inter-level travel time spent in this place.
 C = Inter-level travel time spent in this place.
 D = Time resting spent in this place.
 E = Time spent auto-exploring this place.
 F = Levels seen in this place.
 G = Mean time per level.
                   A        B        C        D        E       F      G
               +--------+--------+--------+--------+--------+-----+--------+
         Total |    501 |    501 |      0 |      0 |      0 |   5 |  100.2 |
       Dungeon |    501 |    501 |      0 |      0 |      0 |   5 |  100.2 |
               +--------+--------+--------+--------+--------+-----+--------+

Top non-repeatable levels by time:
     D:1: 241 daAuts
     D:2: 167 daAuts
     D:3: 69 daAuts
     D:5: 12 daAuts
     D:4: 10 daAuts
